 Dungeon Crawl Stone Soup version 0.21.1-1-g345015fe64 (webtiles) character file.

49 Mrkan the Ruffian (level 3, 0/36 HPs)
             Began as a Troll Monk on May 9, 2018.
             Slain by a goblin
             ... wielding a +0 club
             ... led by Robin
              (5 damage)
             ... on level 2 of the Dungeon.
             The game lasted 00:01:37 (750 turns).

Mrkan the Ruffian (Troll Monk)                       Turns: 750, Time: 00:01:38

Health: 0/36       AC:  5    Str: 19    XL:     3   Next: 51%
Magic:  2/2        EV: 10    Int:  6    God:
Gold:   84         SH:  0    Dex: 13    Spells: 2/2 levels left

rFire    . . .     SeeInvis .     - Unarmed
rCold    . . .     Gourm    +   (no shield)
rNeg     . . .     Faith    .   a - +0 robe
rPois    .         Spirit   .   (helmet restricted)
rElec    .         Reflect  .   (no cloak)
rCorr    .         Harm     .   (gloves unavailable)
MR       .....                  (boots unavailable)
Stlth    ++........             (no amulet)
HPRegen  0.52/turn              (no ring)
MPRegen  0.08/turn              (no ring)

@: no status effects
A: large, unfitting armour, claws 3, fast metabolism 3, gourmand, regeneration
1, shaggy fur 1, tough skin 2
a: no special abilities


You were on level 2 of the Dungeon.
You were completely stuffed.

You visited 1 branch of the dungeon, and saw 2 of its levels.

You collected 84 gold pieces.

Inventory:

Armour
 a - a +0 robe (worn)
Jewellery
 d - a cursed -4 ring of dexterity {unknown}
 f - an uncursed ring of fire {unknown}
 j - a +2 ring of intelligence {unknown}
Scrolls
 c - a scroll of teleportation {unknown}
 g - a scroll of fog {unknown}
 h - a scroll of remove curse {unknown}
 i - a scroll of identify {unknown}
 m - a scroll of blinking {unknown}
Potions
 e - a potion of might {unknown}
 k - a potion of degeneration {unknown}
 n - a potion of flight {unknown}
Comestibles
 b - 6 rations
 l - 2 chunks of flesh


   Skills:
 - Level 2.4 Fighting
 - Level 2.4 Dodging
 - Level 1.0 Stealth
 * Level 4.6 Unarmed Combat


You had 2 spell levels left.
You didn't know any spells.

Dungeon Overview and Level Annotations

Branches:
Dungeon (2/15)

Altars:

Annotations:
D:2 Robin


Innate Abilities, Weirdness & Mutations

You are too large for most types of armour.
You have claws for hands.
Your metabolism is lightning-fast.
You like to eat raw meat.
Your natural rate of healing is unusually fast.
You are covered in fur. (AC +1)
You have very tough skin. (AC +2)


Message History

The hobgoblin hits you with a club.
The hobgoblin shouts!
You claw the goblin!
You kill the goblin!
The goblin hits you with a club. The kobold barely misses you.
You barely miss the goblin. The hobgoblin hits you with a club.
The goblin hits you with a club.
* * * LOW HITPOINT WARNING * * *
The kobold hits you with a dagger.
* * * LOW HITPOINT WARNING * * *
The goblin hits you but does no damage. The goblin hits you.
* * * LOW HITPOINT WARNING * * *
You barely miss the goblin.
The goblin no longer looks unusually strong. x2
The hobgoblin hits you with a club.
* * * LOW HITPOINT WARNING * * *
The kobold hits you with a dagger.
* * * LOW HITPOINT WARNING * * *
The goblin hits you with a club.
You die...

...รท..# #...##.#
......########'##
###...#.........##
......#.......(.<#
......#..........#
......#..........#
....###.........g#
....# .......ggK#
....# .......gg@#
....# ........gg#
....# .........g#
....# ...g#####$.
....# .... ##.#
....#


gg. .. ##### .. #.# You could see Robin, 2 hobgoblins, 6 goblins and a kobold.

Vanquished Creatures
  2 adders (D:2)
  2 oozes
  A leopard gecko (D:2)
  A ball python (D:1)
  3 goblins
  2 hobgoblins (D:1)
  3 jackals (D:1)
  5 kobolds
  A frilled lizard (D:2)
  2 rats (D:1)
22 creatures vanquished.

Notes
Turn   | Place    | Note
-------+----------+-------------------------------------------
     0 | D:1      | Mrkan the Troll Monk began the quest for the Orb.
     0 | D:1      | Reached XP level 1. HP: 22/22 MP: 0/0
   136 | D:1      | Reached XP level 2. HP: 29/29 MP: 1/1
   568 | D:2      | Reached skill level 4 in Unarmed Combat
   568 | D:2      | Reached XP level 3. HP: 32/36 MP: 2/2
   737 | D:2      | Noticed Robin
   750 | D:2      | Slain by a goblin

Skill      XL: |  1  2 |
---------------+-------+-----
Unarmed Combat | 4 |  4.6
Fighting       | |  2.4
Dodging        | |  2.4
Stealth        | |  1.0

Action                   || total
-------------------------++-------
Melee: Unarmed           ||    72
       Punch             ||     1
  Eat: Chunk             ||    12
Armor: Robe              ||    41
Dodge: Dodged            ||    50
